[Event "Titled Tuesday Blitz March 15 Early 2022"]
[White "Postny, Evgeny"]
[Black "volunteers1998"]
[WhiteFideId "2804344"]
[WhiteElo "2483"]
[BlackElo "2277"]
[Result "1-0"]
[Round "04"]
[TimeControl "180+1"]
[Date "2022.03.15"]
[WhiteClock "0:00:02"]
[BlackClock "0:00:02"]

1. e4 c5 2. Nf3 Nc6 3. Bb5 d6 4. O-O Bd7 5. Re1 Nf6 6. c3 g6 7. d4 cxd4 8. cxd4 Bg7 9. Nc3 O-O 10. h3 a6 11. Bf1 b5 12. b3 Rc8 13. Bb2 Qb6 14. Nd5 Nxd5 15. exd5 Nb4 16. Rxe7 Qd8 17. Re2 Nxd5 18. Rc1 Rxc1 19. Qxc1 Qa5 20. a3 Rc8 21. Qg5 Be6 22. Rxe6 fxe6 23. Qg4 Re8 24. h4 Qd8 25. h5 Qf6 26. Bc1 Qf5 27. Qg3 Rc8 28. Bd2 e5 29. hxg6 hxg6 30. Nh4 Qf6 31. Bg5 Qe6 32. Be2 Rc3 33. Bg4 Qf7 34. f3 Rxb3 35. Qh3 Nf4 36. Bxf4 Qxf4 37. Be6+ Kh7 38. Bxb3 Qe3+ 39. Kh2 Qxb3 40. Nf5+ Kg8 41. Nxd6 exd4 42. Qc8+ Kh7 43. Qh3+ Kg8 44. Qc8+ Kh7 45. Ne4 Qxa3 46. Ng5+ Kh6 47. Nf7+ Kh7 48. Qh3+ Kg8 49. Qe6 Kh7 50. Ng5+ Kh6 51. f4 1-0


[Site "https://www.chess.com"]

[Event "Titled Tuesday Blitz March 15 Early 2022"]
[White "Pourkashiyan, Atousa"]
[Black "Goriatchkin, Jouri"]
[WhiteFideId "12502014"]
[BlackFideId "4120183"]
[WhiteElo "2247"]
[BlackElo "966"]
[Result "1-0"]
[Round "04"]
[TimeControl "180+1"]
[Date "2022.03.15"]
[WhiteClock "0:01:11"]
[BlackClock "0:00:01"]

1. e4 c6 2. d4 d5 3. Nd2 dxe4 4. Nxe4 Nd7 5. Ng5 Ngf6 6. Bd3 e6 7. N1f3 h6 8. Nxe6 Qe7 9. O-O fxe6 10. Bg6+ Kd8 11. Re1 b6 12. a4 Nd5 13. c4 Nc7 14. b3 Qf6 15. Qd3 Bd6 16. Bb2 Nf8 17. Be4 Qe7 18. Bxc6 Rb8 19. d5 Bb7 20. Rad1 Bxc6 21. dxc6 Ne8 22. Be5 Kc7 23. b4 Rd8 24. Qe2 Bxe5 25. Qxe5+ Nd6 26. c5 Ng6 27. cxd6+ Rxd6 28. Qg3 Nf8 29. Nd4 e5 30. Nb5+ Kxc6 31. Nxd6 1-0


[Site "https://www.chess.com"]

[Event "Titled Tuesday Blitz March 15 Early 2022"]
[White "Pranav Anand"]
[Black "Orlov, Georgi"]
[WhiteFideId "46626786"]
[BlackFideId "2011271"]
[WhiteElo "2259"]
[BlackElo "2548"]
[Result "1-0"]
[Round "04"]
[TimeControl "180+1"]
[Date "2022.03.15"]
[WhiteClock "0:00:20"]
[BlackClock "0:00:13"]

1. Nf3 Nf6 2. g3 e6 3. Bg2 d5 4. O-O Be7 5. d3 O-O 6. Nbd2 c5 7. e4 Nc6 8. Re1 b5 9. a4 bxa4 10. Rxa4 Rb8 11. b3 a5 12. e5 Nd7 13. Nf1 Qc7 14. Qe2 Ba6 15. Rg4 Kh8 16. h4 f5 17. exf6 Nxf6 18. Ra4 Bb5 19. Ra1 Nd4 20. Nxd4 cxd4 21. Bf4 Bd6 22. Bxd6 Qxd6 23. Qxe6 Qc7 24. Qe2 Rbe8 25. Qd2 Ng4 26. Rxe8 Bxe8 27. f3 Ne3 28. Nxe3 dxe3 29. Qxe3 Qxg3 30. Qf2 Qc7 31. Re1 Bh5 32. Re2 h6 33. Qe3 Qg3 34. Qf2 Qf4 35. Re1 Rf6 36. Kf1 Rg6 37. c4 dxc4 38. dxc4 Rd6 39. Kg1 Rd3 40. c5 Rxb3 41. Qc2 Qb4 42. Rd1 Qb8 43. c6 Qa7+ 44. Kh1 Rb4 45. Rd8+ 1-0


[Site "https://www.chess.com"]

[Event "Titled Tuesday Blitz March 15 Early 2022"]
[White "Quirke, Jeffrey"]
[Black "Butti, Enrique"]
[WhiteFideId "2013029"]
[BlackFideId "3700470"]
[WhiteElo "2249"]
[BlackElo "2080"]
[Result "1-0"]
[Round "04"]
[TimeControl "180+1"]
[Date "2022.03.15"]
[WhiteClock "0:02:11"]
[BlackClock "0:02:12"]

1. c4 e5 2. g3 Nc6 3. Bg2 g6 4. Nf3 Bg7 5. Nc3 d6 6. O-O Nf6 7. d3 O-O 8. b3 e4 9. dxe4 Nxe4 10. Nxe4 Bxa1 11. Bg5 f6 12. Bh6 Re8 13. Nfg5 Be5 14. Qd5+ 1-0


[Site "https://www.chess.com"]

[Event "Titled Tuesday Blitz March 15 Early 2022"]
[White "Samadov, Read"]
[Black "Jacobson, Aaron"]
[WhiteFideId "13417444"]
[BlackFideId "2089912"]
[WhiteElo "2084"]
[BlackElo "2265"]
[Result "0-1"]
[Round "04"]
[TimeControl "180+1"]
[Date "2022.03.15"]
[WhiteClock "0:00:17"]
[BlackClock "0:02:46"]

1. d4 d5 2. c4 c5 3. cxd5 Nf6 4. dxc5 e6 5. d6 Qa5+ 6. Nc3 Qxc5 7. Be3 Qxd6 8. Qxd6 Bxd6 9. Nb5 Bb4+ 10. Bd2 Bxd2+ 11. Kxd2 Na6 12. e3 Ke7 13. a3 Rd8+ 14. Ke1 Bd7 15. Nf3 Rdc8 16. Nc3 Nc5 17. Rd1 Bc6 18. Be2 Nfe4 19. Nxe4 Nxe4 20. Nd4 Ba4 21. b3 Bd7 22. f3 Nc3 23. Rd2 e5 24. Nc2 Bf5 25. e4 Be6 26. Ne3 Nxe2 27. Kxe2 Rc3 28. Rb1 Rac8 29. a4 b6 30. Rd3 Rxd3 31. Kxd3 g6 32. b4 f5 33. a5 f4 34. Nd5+ Bxd5 35. exd5 Kd6 36. axb6 axb6 37. Ra1 Kxd5 38. Ra7 h5 39. Rd7+ Ke6 40. Rb7 Rc6 41. b5 Rd6+ 42. Kc4 Kf5 43. Rf7+ Ke6 44. Rb7 Kf6 45. h4 g5 46. hxg5+ Kxg5 47. Re7 Kf6 48. Rb7 Kf5 49. Rf7+ Kg6 50. Rb7 Kg5 51. Rg7+ Kh4 52. Re7 Kg3 53. Rg7+ Kf2 54. Rg5 h4 55. Rg4 h3 56. gxh3 Kxf3 57. Rg5 e4 0-1


[Site "https://www.chess.com"]

[Event "Titled Tuesday Blitz March 15 Early 2022"]
[White "Sarana, Alexey"]
[Black "Aghamaliyev, Cemil"]
[WhiteFideId "24133795"]
[BlackFideId "13400215"]
[WhiteElo "2666"]
[BlackElo "2776"]
[Result "1-0"]
[Round "04"]
[TimeControl "180+1"]
[Date "2022.03.15"]
[WhiteClock "0:02:21"]
[BlackClock "0:02:32"]

1. d4 Nf6 2. c4 e6 3. Nc3 d5 4. cxd5 Nxd5 5. e4 Nxc3 6. bxc3 c5 7. Rb1 cxd4 8. cxd4 Nc6 9. Nf3 Bb4+ 10. Bd2 Bxd2+ 11. Qxd2 O-O 12. Bb5 Bd7 13. O-O Qe7 14. d5 exd5 15. exd5 Nb8 16. d6 Qd8 17. Bxd7 Qxd7 18. Ne5 Qe6 19. Rfe1 Nd7 20. Nxd7 Qxd7 21. Re7 Qa4 22. Rexb7 Qxa2 23. Qxa2 1-0


[Site "https://www.chess.com"]

[Event "Titled Tuesday Blitz March 15 Early 2022"]
[White "Sarkar, Justin"]
[Black "Sailer, Mike"]
[WhiteFideId "2010011"]
[BlackFideId "2012901"]
[WhiteElo "2038"]
[BlackElo "2109"]
[Result "0-1"]
[Round "04"]
[TimeControl "180+1"]
[Date "2022.03.15"]
[WhiteClock "0:00:01"]
[BlackClock "0:00:30"]

1. e4 d5 2. exd5 Qxd5 3. Nc3 Qd6 4. d4 Nf6 5. Nf3 c6 6. h3 Bf5 7. Ne5 e6 8. g4 Bg6 9. h4 Nbd7 10. h5 Nxe5 11. dxe5 Qxe5+ 12. Be3 Rd8 13. Qe2 Bxc2 14. Qxc2 Nxg4 15. Qe4 Qxe4 16. Nxe4 Bb4+ 17. Nc3 O-O 18. Be2 Nxe3 19. fxe3 Rd5 20. Rd1 Rc5 21. Rd3 Rg5 22. a3 Ba5 0-1


[Site "https://www.chess.com"]

[Event "Titled Tuesday Blitz March 15 Early 2022"]
[White "Shkapenko, Pavel"]
[Black "Muhammad, Shahzeb"]
[WhiteFideId "4151933"]
[BlackFideId "7804806"]
[WhiteElo "2386"]
[BlackElo "2230"]
[Result "1-0"]
[Round "04"]
[TimeControl "180+1"]
[Date "2022.03.15"]
[WhiteClock "0:01:58"]
[BlackClock "0:00:58"]

1. e4 d5 2. exd5 Nf6 3. Bb5+ Nbd7 4. d4 Nxd5 5. Nf3 c6 6. Be2 g6 7. c4 N5f6 8. Nc3 Bg7 9. h3 O-O 10. O-O Qc7 11. Bg5 e5 12. d5 e4 13. Nd4 cxd5 14. cxd5 h6 15. Bh4 Qb6 16. Nb3 Ne5 17. Bg3 Re8 18. Qd4 Qxd4 19. Nxd4 Bd7 20. Ndb5 Bxb5 21. Bxb5 Re7 22. Rfe1 Ned7 23. d6 Re6 24. Bc4 Ree8 25. Nb5 Ne5 26. Bf1 Rad8 27. Nc7 Nh5 28. Nxe8 Nxg3 29. Nxg7 Nxf1 30. Kxf1 Kxg7 31. Rxe4 Kf6 32. Rd1 1-0


[Site "https://www.chess.com"]

[Event "Titled Tuesday Blitz March 15 Early 2022"]
[White "Skliarov, Viktor"]
[Black "Riazantsev, Alexander"]
[WhiteFideId "14106736"]
[BlackFideId "4125029"]
[WhiteElo "2229"]
[BlackElo "2595"]
[Result "0-1"]
[Round "04"]
[TimeControl "180+1"]
[Date "2022.03.15"]
[WhiteClock "0:00:06"]
[BlackClock "0:00:18"]

1. e4 c6 2. d4 d5 3. e5 Bf5 4. Nf3 e6 5. Be2 h6 6. O-O Nd7 7. Nbd2 c5 8. c4 Ne7 9. Nb3 dxc4 10. Bxc4 a6 11. d5 Nb6 12. d6 Nxc4 13. dxe7 Bxe7 14. Nbd2 Nxd2 15. Bxd2 O-O 16. Rc1 b5 17. Be3 Rc8 18. h3 Qa5 19. a3 Rfd8 20. Qe1 Qxe1 21. Rfxe1 Kf8 22. Nd2 c4 23. Nf3 Ke8 24. Nd4 Bd3 25. f4 Bc5 26. Nf3 Be7 27. Kf2 Rd5 28. g3 a5 29. Red1 b4 30. axb4 axb4 31. Ra1 Rcd8 32. Rdc1 f6 33. Ra7 R5d7 34. Rxd7 Rxd7 35. Ra1 Kf7 36. Ra8 Be4 37. Rc8 Bd5 38. exf6 gxf6 39. f5 e5 40. Bxh6 Ra7 41. Nh4 c3 42. Ng6 Bd6 43. bxc3 b3 44. Nh8+ Ke7 45. Bf8+ Kd7 46. Bxd6 Kxc8 0-1


[Site "https://www.chess.com"]

[Event "Titled Tuesday Blitz March 15 Early 2022"]
[White "Slugin, Sergey"]
[Black "Santos Ruiz, Miguel"]
[WhiteFideId "4122569"]
[BlackFideId "22291482"]
[WhiteElo "2358"]
[BlackElo "2486"]
[Result "0-1"]
[Round "04"]
[TimeControl "180+1"]
[Date "2022.03.15"]
[WhiteClock "0:00:02"]
[BlackClock "0:00:09"]

1. c4 e5 2. Nc3 Bb4 3. Nd5 Na6 4. a3 Ba5 5. b4 c6 6. Nc3 Bc7 7. e4 Nf6 8. Bb2 O-O 9. Nf3 d5 10. cxd5 cxd5 11. d3 d4 12. Nb1 Bd6 13. Be2 b5 14. O-O Nc7 15. Nbd2 a5 16. bxa5 Rxa5 17. a4 Qe7 18. axb5 Rxb5 19. Nc4 Be6 20. Nfd2 Rfb8 21. Ba3 Bxa3 22. Rxa3 R5b7 23. Qa1 Nb5 24. Ra5 Nd7 25. g3 Nc3 26. Bf3 f6 27. Ra8 Nc5 28. Rxb8+ Rxb8 29. Qa3 Qf8 30. Rc1 Nxd3 31. Rxc3 dxc3 32. Qxc3 Nc5 33. Kg2 Qd8 34. Ne3 Qd4 35. Qc2 Nd3 36. Qc6 Ne1+ 37. Kf1 Qxd2 38. Qxe6+ Kh8 39. Bh5 Nd3 40. Qf5 Kg8 41. Qe6+ Kh8 42. Qf5 Rd8 43. Kg2 Rf8 44. Ng4 Ne1+ 45. Kh3 Qe2 0-1


[Site "https://www.chess.com"]

[Event "Titled Tuesday Blitz March 15 Early 2022"]
[White "Srihari L R"]
[Black "Le, Tuan Minh"]
[WhiteFideId "46617116"]
[BlackFideId "12401153"]
[WhiteElo "2121"]
[BlackElo "2450"]
[Result "0-1"]
[Round "04"]
[TimeControl "180+1"]
[Date "2022.03.15"]
[WhiteClock "0:00:05"]
[BlackClock "0:00:29"]

1. d4 d5 2. c4 c6 3. Nf3 Nf6 4. Qc2 dxc4 5. Qxc4 Bg4 6. Nbd2 Nbd7 7. g3 e6 8. Bg2 Be7 9. O-O O-O 10. Re1 Rc8 11. Ne5 Bh5 12. Nb3 Qb6 13. Nxd7 Nxd7 14. Bd2 Qc7 15. Bf4 Bd6 16. Bxd6 Qxd6 17. Rac1 Rfd8 18. e4 h6 19. d5 Nb6 20. Qc5 exd5 21. exd5 Nxd5 22. Qxd6 Rxd6 23. Nc5 Rb8 24. h3 Bg6 25. Rcd1 b6 26. Nb3 Rbd8 27. Bf3 c5 28. Rd2 Nb4 29. Rxd6 Rxd6 30. a3 Nd3 31. Re8+ Kh7 32. Re7 c4 33. Nd2 Nxb2 34. Ne4 Re6 35. Rxe6 fxe6 36. Nc3 Be8 37. Kf1 Na4 38. Na2 Kg6 39. Ke2 Kf6 40. Ke3 Ke5 41. Be2 b5 42. Nb4 a5 43. f4+ Kd6 44. Nc2 e5 45. g4 exf4+ 46. Kxf4 Nc3 47. Bf3 Kc5 48. Ke5 b4 49. axb4+ axb4 50. Nd4 b3 51. Ne6+ Kb4 52. Nxg7 b2 53. Be4 Nxe4 0-1


[Site "https://www.chess.com"]

[Event "Titled Tuesday Blitz March 15 Early 2022"]
[White "Svane, Rasmus"]
[Black "Kosteniuk, Alexandra"]
[WhiteFideId "4657101"]
[BlackFideId "4128125"]
[WhiteElo "2645"]
[BlackElo "2469"]
[Result "0-1"]
[Round "04"]
[TimeControl "180+1"]
[Date "2022.03.15"]
[WhiteClock "0:00:02"]
[BlackClock "0:00:03"]

1. Nf3 Nf6 2. g3 b6 3. Bg2 Bb7 4. O-O e6 5. c4 Be7 6. d4 O-O 7. Re1 d5 8. cxd5 exd5 9. Nc3 Na6 10. Bf4 c5 11. Rc1 Ne4 12. dxc5 Bxc5 13. e3 Nxc3 14. bxc3 Re8 15. h4 Ba3 16. Rc2 Nc5 17. Nd4 Qd7 18. h5 h6 19. Kh2 Ne4 20. Bh3 Qa4 21. Nf5 Nf6 22. g4 Nh7 23. Qd4 Qxd4 24. cxd4 Rac8 25. Rxc8 Bxc8 26. Nd6 Bxd6 27. Bxd6 Be6 28. Rc1 Nf6 29. f3 Bd7 30. Be5 Bb5 31. Kg3 Nd7 32. Bf4 Bc4 33. e4 Nf8 34. a3 Ne6 35. Be3 b5 36. e5 a5 37. Rb1 Rb8 38. Bd2 Nxd4 39. Bxa5 Ra8 40. Bb4 Nc2 41. Bd6 d4 42. Kf2 Ra4 43. f4 Nxa3 44. g5 hxg5 45. Ra1 Nc2 46. Rc1 Ra2 47. fxg5 Ne3+ 48. Kg3 d3 49. Bg4 d2 50. Rg1 Nxg4 0-1


[Site "https://www.chess.com"]

[Event "Titled Tuesday Blitz March 15 Early 2022"]
[White "Tabatabaei, M. Amin"]
[Black "Molina, Roberto Junio Brito"]
[WhiteFideId "12521213"]
[BlackFideId "2109450"]
[WhiteElo "2544"]
[BlackElo "2432"]
[Result "1-0"]
[Round "04"]
[TimeControl "180+1"]
[Date "2022.03.15"]
[WhiteClock "0:00:03"]
[BlackClock "0:00:15"]

1. d4 d5 2. Nf3 Nf6 3. c3 g6 4. Bf4 Bg7 5. h3 O-O 6. e3 b6 7. Nbd2 c5 8. a4 e6 9. b4 cxb4 10. cxb4 Nc6 11. b5 Na5 12. Bd3 Bb7 13. O-O Rc8 14. Qe2 Ne8 15. Rfc1 Nd6 16. Rxc8 Bxc8 17. Rc1 Bb7 18. Ne5 Qe7 19. Qd1 Rc8 20. Rxc8+ Nxc8 21. Qc2 Nd6 22. Nc6 Nxc6 23. bxc6 Bc8 24. c7 e5 25. dxe5 Bxe5 26. Bxe5 Qxe5 27. Nf3 Qa1+ 28. Kh2 Qa3 29. Nd4 Qc5 30. Nc6 Qxc2 31. Bxc2 a5 32. Bb3 Kf8 33. Bxd5 Bd7 34. Na7 Ke7 35. Kg3 f6 36. h4 Nf5+ 37. Kf4 Kd6 38. c8=Q Bxc8 39. Nxc8+ Kxd5 40. Nxb6+ Kc5 41. Nd7+ Kb4 42. Nxf6 Kxa4 43. e4 Ne7 44. Nd5 Nc6 45. e5 Nd4 46. Ke4 Ne6 47. g4 Kb3 48. Nb6 Kb4 49. f4 Kb5 50. Nd5 Kc4 51. Nb6+ Kb5 52. Nd5 Kc4 53. Ne3+ Kc5 54. f5 gxf5+ 55. gxf5 Nc7 56. f6 Ne6 57. Kf5 Nd4+ 58. Ke4 Ne6 59. Kf5 Nd4+ 60. Kg5 a4 61. f7 Ne6+ 62. Kf6 Nf8 63. e6 Kd6 64. Nf5+ Kd5 65. e7 Nd7+ 66. Kg7 a3 67. e8=Q Nc5 68. f8=Q Ne6+ 69. Qxe6+ Kxe6 70. Qe7+ Kxf5 71. Qxa3 Kg4 72. Kxh7 Kh5 73. Qf8 Kxh4 74. Qg7 1-0


[Site "https://www.chess.com"]

[Event "Titled Tuesday Blitz March 15 Early 2022"]
[White "Tanenbaum, Zachary"]
[Black "Narayanan.S.L"]
[WhiteFideId "2060850"]
[BlackFideId "5058422"]
[WhiteElo "2168"]
[BlackElo "2494"]
[Result "0-1"]
[Round "04"]
[TimeControl "180+1"]
[Date "2022.03.15"]
[WhiteClock "0:00:03"]
[BlackClock "0:01:01"]

1. e4 e6 2. d4 d5 3. Nc3 Bb4 4. exd5 exd5 5. Bd3 Nc6 6. a3 Ba5 7. Nf3 Bg4 8. h3 Bh5 9. O-O Nge7 10. Re1 Bxc3 11. bxc3 Bg6 12. Rb1 b6 13. c4 O-O 14. Bf4 dxc4 15. Bxc4 Nd5 16. Bg5 f6 17. Bh4 Bf7 18. Qd2 Nde7 19. Bxf7+ Rxf7 20. c4 Nf5 21. d5 Nxh4 22. Nxh4 Ne5 23. Qc3 Qd7 24. f4 Ng6 25. Nxg6 hxg6 26. Re6 Re7 27. Rbe1 Rxe6 28. dxe6 Qe7 29. Qd3 f5 30. Qg3 Qf6 31. Qf3 Re8 32. Qd5 Qe7 33. Re3 Rd8 34. Qe5 Qd6 35. e7 Re8 36. Qxd6 cxd6 37. Re6 Kf7 38. Rxd6 Rxe7 39. Rd4 Ke6 40. Kf2 Rc7 41. Ke3 Rc5 42. g3 Ra5 43. Rd3 Ra4 44. Kd4 b5 45. Re3+ Kf7 46. Rc3 bxc4 47. Rxc4 Rxa3 48. g4 a5 49. Rc7+ Kg8 50. gxf5 gxf5 51. Ke5 Rxh3 52. Kxf5 a4 53. Ra7 a3 54. Kg6 Rg3+ 55. Kf5 Kh7 56. Ra6 g6+ 57. Kf6 Kh6 58. Ra8 Kh5 59. Ra5+ Kg4 60. Ra4 Kh5 61. Ra5+ Kg4 62. Ra4 Kh3 63. f5 gxf5 64. Kxf5 Kg2 65. Kf4 Kf2 66. Ra5 Rh3 67. Ke4 Ke2 68. Kd4 Kd2 69. Kc4 Kc2 70. Kb4 Kb2 71. Rg5 Rh4+ 72. Kb5 Rd4 73. Rg2+ Kc3 74. Ra2 Kb3 75. Rg2 a2 76. Rg3+ Kc2 77. Rg1 Rd1 78. Rg2+ Rd2 79. Rg1 Kb2 80. Kb4 a1=Q 0-1


[Site "https://www.chess.com"]

[Event "Titled Tuesday Blitz March 15 Early 2022"]
[White "Tarhan, Adar"]
[Black "Fathy, Elameir"]
[WhiteFideId "34544712"]
[BlackFideId "10600396"]
[WhiteElo "1802"]
[BlackElo "2311"]
[Result "1-0"]
[Round "04"]
[TimeControl "180+1"]
[Date "2022.03.15"]
[WhiteClock "0:01:24"]
[BlackClock "0:00:05"]

1. e4 c6 2. d4 d5 3. Nc3 dxe4 4. Nxe4 Nf6 5. Ng3 h5 6. Bd3 h4 7. N3e2 h3 8. g3 Bg4 9. f3 Bc8 10. c3 c5 11. dxc5 e5 12. Be3 Be6 13. Qa4+ Nc6 14. O-O-O Qc7 15. Be4 Be7 16. Kb1 Nxe4 17. fxe4 Bg4 18. Rd2 O-O 19. Nc1 Rfd8 20. Rd5 g6 21. Nge2 f5 22. exf5 Bxf5+ 23. Rd3 Bxd3+ 24. Nxd3 b5 25. cxb6 axb6 26. Qe4 Kg7 27. Nec1 Qd7 28. Nxe5 Nxe5 29. Qxe5+ Bf6 30. Qe4 b5 31. Rf1 b4 32. Bh6+ Kxh6 33. Rxf6 Qe8 34. Qxb4 Kg7 35. Rf4 Rd1 36. Qb7+ Kg8 37. Qb3+ Kg7 38. Qxd1 1-0


[Site "https://www.chess.com"]

[Event "Titled Tuesday Blitz March 15 Early 2022"]
[White "Tari, Aryan"]
[Black "Prohorov, Olexandr"]
[WhiteFideId "1510045"]
[BlackFideId "14105578"]
[WhiteElo "2567"]
[BlackElo "1993"]
[Result "1-0"]
[Round "04"]
[TimeControl "180+1"]
[Date "2022.03.15"]
[WhiteClock "0:00:43"]
[BlackClock "0:00:04"]

1. b3 a5 2. Nf3 a4 3. Bb2 Nc6 4. c4 e6 5. bxa4 Nf6 6. e3 d5 7. cxd5 exd5 8. Bb5 Bd6 9. O-O O-O 10. h3 Bf5 11. Nc3 Na5 12. d4 c6 13. Be2 Re8 14. Nd2 Qd7 15. Bf3 h6 16. Re1 g5 17. e4 dxe4 18. Ndxe4 Nxe4 19. Nxe4 Bxe4 20. Bxe4 Nc4 21. Bc3 Nb6 22. Qh5 Bf8 23. Rad1 Nd5 24. Ba1 Bg7 25. Qf3 Rad8 26. a5 Rf8 27. Bf5 Qc7 28. h4 Qf4 29. Qxf4 gxf4 30. Rb1 Rfe8 31. Rxe8+ Rxe8 32. Kf1 Ra8 33. Rxb7 Rxa5 34. Bb1 Bf6 35. h5 Kg7 36. Ke2 Ra4 37. Kf3 Bxd4 38. Bxd4+ Rxd4 39. Bg6 Kf6 40. Rxf7+ Ke6 41. Rh7 Rd2 42. Bf7+ Kd6 43. Rxh6+ Kc5 44. Bxd5 cxd5 45. Rf6 Rxa2 46. h6 Ra7 47. Kxf4 Rh7 48. g4 d4 49. g5 Kc4 50. Rc6+ Kd5 51. Rc8 d3 52. Rd8+ Kc5 53. Rxd3 1-0


[Site "https://www.chess.com"]

[Event "Titled Tuesday Blitz March 15 Early 2022"]
[White "Tasev, Dejan"]
[Black "Skuhala, Barbara"]
[WhiteFideId "936618"]
[BlackFideId "14605465"]
[WhiteElo "2253"]
[BlackElo "2155"]
[Result "1-0"]
[Round "04"]
[TimeControl "180+1"]
[Date "2022.03.15"]
[WhiteClock "0:00:16"]
[BlackClock "0:01:53"]

1. e4 c5 2. Nf3 d6 3. Nc3 Nf6 4. d4 cxd4 5. Nxd4 a6 6. Bc4 e6 7. Bb3 Be7 8. O-O O-O 9. f4 Nc6 10. Kh1 Qc7 11. f5 Nxd4 12. Qxd4 Bd7 13. Bg5 Rac8 14. Rad1 Rfd8 15. Rd3 Qc5 16. Bxf6 Bxf6 17. Qxc5 dxc5 18. fxe6 Bxe6 19. Bxe6 fxe6 20. Rfd1 Rxd3 21. Rxd3 b5 22. Nd1 Rc6 23. Kg1 c4 24. Rd7 h6 25. Kf2 b4 26. Ke2 c3 27. b3 a5 28. Nf2 Rc5 29. Nd3 Rg5 30. Kf3 h5 31. g3 h4 32. g4 a4 33. Nxb4 axb3 34. axb3 Ra5 35. h3 Ra1 36. Nd3 Rg1 37. e5 Bg5 38. Nc5 Rg3+ 39. Ke4 Rxh3 40. Nxe6 Bc1 41. Rxg7+ Kh8 42. Rd7 Rh2 43. Kf5 Rg2 44. g5 h3 45. Kg6 Rxg5+ 46. Nxg5 Bxg5 47. Kxg5 1-0


[Site "https://www.chess.com"]

[Event "Titled Tuesday Blitz March 15 Early 2022"]
[White "Thavandiran, Shiyam"]
[Black "Riehle, Marco"]
[WhiteFideId "2605058"]
[BlackFideId "12904392"]
[WhiteElo "2357"]
[BlackElo "2462"]
[Result "0-1"]
[Round "04"]
[TimeControl "180+1"]
[Date "2022.03.15"]
[WhiteClock "0:00:01"]
[BlackClock "0:00:44"]

1. e4 e5 2. Bc4 Nf6 3. d3 Nc6 4. Nc3 Bc5 5. Bg5 h6 6. Bh4 d6 7. Nge2 Be6 8. a3 g5 9. Bg3 Qd7 10. h4 O-O-O 11. Qd2 g4 12. h5 d5 13. Bb5 d4 14. Nd1 Qd6 15. Bxc6 bxc6 16. b4 Bb6 17. Bh4 Bd7 18. Nb2 Rde8 19. Nc4 Qe6 20. Ng3 Nh7 21. a4 a6 22. Nf5 Rhg8 23. Nxh6 Rgf8 24. Nf5 Rg8 25. Ra3 f6 26. Bg3 Ng5 27. h6 Nxe4 28. dxe4 Qxc4 29. h7 Rh8 30. Rh6 Bxf5 31. exf5 e4 32. Rxf6 Rxh7 33. Qe2 Qxb4+ 34. Kd1 0-1


[Site "https://www.chess.com"]

[Event "Titled Tuesday Blitz March 15 Early 2022"]
[White "Tsatsalashvili, Keti"]
[Black "Goryachkina, Aleksandra"]
[WhiteFideId "13603434"]
[BlackFideId "4147103"]
[WhiteElo "2246"]
[BlackElo "2426"]
[Result "0-1"]
[Round "04"]
[TimeControl "180+1"]
[Date "2022.03.15"]
[WhiteClock "0:00:11"]
[BlackClock "0:00:25"]

1. d4 Nf6 2. Nf3 d5 3. c4 e6 4. cxd5 exd5 5. Nc3 c6 6. Bg5 h6 7. Bh4 Be7 8. e3 Bf5 9. Bd3 Bxd3 10. Qxd3 Nbd7 11. O-O O-O 12. Rab1 a5 13. Nd2 Re8 14. f3 Nf8 15. Bf2 Ng6 16. Rbd1 Qd7 17. Na4 Rad8 18. Nb3 Bd6 19. g3 Qh3 20. Nxa5 Re7 21. Rfe1 Bb4 22. Nb3 Bxe1 23. Rxe1 h5 24. Qf1 Qf5 25. Kg2 Nh7 26. Nac5 Ng5 27. Bg1 Rde8 28. Nd3 Nxf3 29. Rd1 Ngh4+ 30. gxh4 Nxh4+ 31. Kg3 Qg4+ 32. Kf2 Rxe3 33. Ne5 Qf4+ 34. Nf3 Qxf3# 0-1


[Site "https://www.chess.com"]

[Event "Titled Tuesday Blitz March 15 Early 2022"]
[White "Urazayev, Arystanbek"]
[Black "Mitusov, Semen"]
[WhiteFideId "13709810"]
[BlackFideId "14151049"]
[WhiteElo "2393"]
[BlackElo "2265"]
[Result "1/2-1/2"]
[Round "04"]
[TimeControl "180+1"]
[Date "2022.03.15"]
[WhiteClock "0:00:07"]
[BlackClock "0:00:11"]

1. d4 d5 2. c4 dxc4 3. Nf3 Nf6 4. e3 Bg4 5. Bxc4 e6 6. O-O a6 7. h3 Bh5 8. Be2 Nc6 9. b3 Bd6 10. Bb2 O-O 11. Nbd2 Re8 12. Nc4 Qe7 13. Rc1 Rad8 14. Nxd6 cxd6 15. Nd2 Bxe2 16. Qxe2 e5 17. dxe5 dxe5 18. Rfd1 Rd7 19. Nc4 Red8 20. Ba3 Qe6 21. Nb6 Rxd1+ 22. Rxd1 h6 23. Na4 Rxd1+ 24. Qxd1 Ne4 25. Nc5 Nxc5 26. Bxc5 e4 27. Qd6 Qxd6 28. Bxd6 f5 29. g4 g6 30. Kg2 Kf7 31. Kg3 Ke6 32. Bf8 h5 33. gxh5 gxh5 34. Ba3 Ne5 35. Kh4 Nd3 36. Kxh5 Nxf2 37. h4 Ng4 38. Bc5 Ne5 39. Kh6 Nd3 40. Bd4 f4 41. exf4 Nxf4 42. Kg5 Nd5 43. h5 e3 44. h6 e2 45. Bf2 Kf7 46. Kg4 Kg6 47. Kf3 Nc3 48. a4 Kxh6 49. Be1 Na2 50. Bd2+ Kg6 51. Kxe2 b6 52. Kd3 Kf5 53. Be3 b5 54. axb5 axb5 55. Bd2 Ke6 56. Kd4 Kd6 57. Kd3 Kc5 58. Be1 Nb4+ 59. Kc3 Nd5+ 60. Kb2 Nf4 61. Bf2+ Kc6 62. Kc2 Nd5 63. Be1 Ne7 64. Bc3 Nd5 65. Bd2 Nc7 1/2-1/2


[Site "https://www.chess.com"]

[Event "Titled Tuesday Blitz March 15 Early 2022"]
[White "Van Foreest, Jorden"]
[Black "Hambleton, Aman"]
[WhiteFideId "1039784"]
[BlackFideId "2606577"]
[WhiteElo "2609"]
[BlackElo "2552"]
[Result "1-0"]
[Round "04"]
[TimeControl "180+1"]
[Date "2022.03.15"]
[WhiteClock "0:01:04"]
[BlackClock "0:00:01"]

1. b3 e5 2. Bb2 Nc6 3. e3 Nf6 4. c4 g6 5. Nf3 d6 6. d4 Bg7 7. dxe5 Nd7 8. Be2 O-O 9. O-O Ndxe5 10. Nxe5 dxe5 11. Nc3 e4 12. Qc2 f5 13. Rad1 Qe8 14. Nd5 Qf7 15. c5 Ne5 16. Nf4 Kh8 17. Rd5 Qe7 18. Qc3 Nc6 19. Qd2 Bxb2 20. Qxb2+ Qg7 21. Qd2 Qf6 22. Bc4 1-0


[Site "https://www.chess.com"]

[Event "Titled Tuesday Blitz March 15 Early 2022"]
[White "Van den Dikkenberg, Erik"]
[Black "Winkels, Marcel"]
[WhiteFideId "1005880"]
[BlackFideId "1003887"]
[WhiteElo "2118"]
[BlackElo "1900"]
[Result "1/2-1/2"]
[Round "04"]
[TimeControl "180+1"]
[Date "2022.03.15"]
[WhiteClock "0:00:25"]
[BlackClock "0:00:20"]

1. e4 c5 2. Nc3 d6 3. f4 g6 4. Nf3 Bg7 5. Bc4 Nc6 6. O-O e6 7. d3 Nge7 8. Qe1 O-O 9. Kh1 Nd4 10. Nxd4 cxd4 11. Ne2 d5 12. Bb3 dxe4 13. dxe4 b6 14. Bd2 Ba6 15. Rf3 d3 16. cxd3 Bxd3 17. Bc3 Bxe4 18. Bxg7 Kxg7 19. Qc3+ Kg8 20. Rh3 Bf5 21. Re3 Nd5 22. Bxd5 Qxd5 23. Ng3 Rac8 24. Qf6 Rfd8 25. h3 Bxh3 26. Ne4 Bf5 27. Ng5 Rd7 28. Rae1 h6 29. Nf3 Rc2 30. Qh4 Kg7 31. Kh2 Qb7 32. R1e2 Rxe2 33. Rxe2 Bd3 34. Rd2 Be4 35. Rxd7 Qxd7 36. Ne5 Qd2 37. Qg3 Qxb2 38. Ng4 Qxa2 39. Qc3+ Kf8 40. Qh8+ Ke7 41. Qf6+ Ke8 42. Qh8+ Ke7 43. Qf6+ Ke8 44. Qh8+ Ke7 1/2-1/2


[Site "https://www.chess.com"]

[Event "Titled Tuesday Blitz March 15 Early 2022"]
[White "Vlassov, Nikolai"]
[Black "Beerdsen, Thomas"]
[WhiteFideId "4103360"]
[BlackFideId "1030108"]
[WhiteElo "2407"]
[BlackElo "2585"]
[Result "0-1"]
[Round "04"]
[TimeControl "180+1"]
[Date "2022.03.15"]
[WhiteClock "0:00:46"]
[BlackClock "0:01:35"]

1. e4 e5 2. Bc4 Nf6 3. d3 c6 4. Nf3 d5 5. Bb3 a5 6. Nc3 Bb4 7. a3 Bxc3+ 8. bxc3 a4 9. Ba2 O-O 10. Nxe5 dxe4 11. O-O Qe7 12. d4 Be6 13. c4 Nbd7 14. Bg5 h6 15. Bh4 Rfd8 16. Qe2 Ra5 17. f4 exf3 18. Rxf3 Nxe5 19. dxe5 Qc5+ 20. Bf2 Qxe5 21. Qxe5 Rxe5 22. Rb1 Rd2 23. Rc1 Ree2 24. Bg3 Rxg2+ 25. Kf1 Bh3 0-1


[Site "https://www.chess.com"]